 Dungeon Crawl Stone Soup version 0.31-a0-618-g7ca08c1ff9 (webtiles) character file.

Game seed: 3629065079206328849

170 zenocrate the Insei (level 5, -1/33 HPs)
             Began as an Octopode Shapeshifter on Aug 23, 2023.
             Slain by a worm (11 damage)
             ... on level 3 of the Dungeon.
             The game lasted 00:02:34 (1768 turns).

zenocrate the Insei (Octopode Shapeshifter)         Turns: 1768, Time: 00:02:35

Health: -1/33      AC:  1    Str: 20    XL:     5   Next: 51%
Magic:  5/5        EV: 14    Int: 10    God:
Gold:   203        SH:  0    Dex: 15    Spells: 2/4 levels left

rFire   . .          .
                       - Unarmed
rCold   . . .        (no shield)
rNeg    . . .        (helmet currently unavailable)
rPois   .            (no amulet)
rElec   .            e - ring of wizardry
rCorr   .            l - +6 ring of strength
SInv    .            (no ring)
Will    .....        (no ring)
Stlth   ++           (no ring)
HPRegen 0.25/turn    (no ring)
MPRegen 0.09/turn    (no ring)
                     (no ring)

%: wizardry (x1)
@: beast-form
A: beast (slay +1), almost no armour, amphibious, 8 rings, camouflage 1,
gelatinous body 1, (nimble swimmer 1), tentacles
a: Begin Untransformation


You were on level 3 of the Dungeon.
You were a hulking beast.
You visited 1 branch of the dungeon, and saw 3 of its levels.

You collected 203 gold pieces.

Inventory:

Jewellery
 e - a ring of wizardry (left tentacle)
 l - a +6 ring of strength (right tentacle)
 p - an amulet of magic regeneration
Talismans
 b - a beast talisman (active)
 c - a flux talisman
 h - a blade talisman
Wands
 j - a wand of flame (16)
Scrolls
 d - 2 scrolls of vulnerability {unknown}
 f - a scroll of amnesia {unknown}
 i - a scroll of torment {unknown}
 k - 2 scrolls of identify {unknown}
 n - a scroll of enchant armour {unknown}
 o - a scroll of noise {unknown}
Potions
 g - a potion of berserk rage {unknown}
 m - a potion of enlightenment {unknown}


   Skills:
 - Level 1.0 Fighting
 - Level 3.1 Dodging
 * Level 5.0 Unarmed Combat
 + Level 1.6 Translocations
 - Level 0.1 Evocations
 - Level 3.0 Shapeshifting


You had 2 spell levels left.
You knew the following spells:

 Your Spells              Type           Power      Damage    Failure   Level
x - Blink                 Tloc           6%         N/A       12%         2

Your spell library contained the following spells:

 Spells                   Type           Power      Damage    Failure   Level
 Lesser Beckoning         Tloc           6%         N/A       12%         2
 Momentum Strike          Conj/Tloc      2%         3d8       16%         2
 Summon Guardian Golem    Hex/Summ       0%         N/A       41%         3
 Orb of Destruction       Conj           0%         9d5       100%        7
 Spellforged Servitor     Conj/Summ      0%         N/A       100%        7


Dungeon Overview and Level Annotations

Branches:
Dungeon (3/15)

Altars:
Vehumet


Innate Abilities, Weirdness & Mutations

You are a hulking beast.
Your limbs bulge with bestial killing power. (Slay +1)
You cannot wear most types of armour.
You are amphibious.
You can wear up to eight rings at the same time.
Your skin changes colour to match your surroundings (Stealth+).
Your rubbery body absorbs attacks. (AC +1, EV +1)
((You are camouflaged when in or above water. (Stealth+)))
You have tentacles for arms and can constrict up to eight enemies at once.


Message History

You kill the orc!
You cannot move.
You cannot move.
The orc wizard shouts!
You hit the orc wizard.
The orc wizard is heavily wounded.
The orc wizard points at you and mumbles some strange words.
The puff of flame hits you but does no damage.
You closely miss the orc wizard.
The orc wizard is heavily wounded.
The orc wizard barely misses you.
You hit the orc wizard.
The orc wizard is heavily wounded.
The orc wizard hits you but does no damage.
You closely miss the orc wizard.
The orc wizard is heavily wounded.
A worm comes into view.
The orc wizard points at you and mumbles some strange words.
You resist with some effort.
You smack the orc wizard!
You kill the orc wizard!
Your Unarmed Combat skill increases to level 5!
You cannot move.
You cannot move.
Okay, then.
You feel less wooden.
You turn into a hulking beast.
A rat comes into view.
The rat closely misses you. The rat closely misses you.
You bludgeon the worm! Your grab misses the worm. You squeeze the worm.
The worm is severely wounded.
The rat bites you.
Unknown command.
You tentacle-slap the worm. You grab the worm.
The worm is severely wounded.
You constrict the worm.
The rat twitches its whiskers.
The rat bites you. The worm bites you!
You die...

# .# ##.# ...#
### #..##..oo
###. #g...oo..
... #.o...# #..
####.#
#..##r##.#
#..wh#.oo###
#.#.###....####
..#.#.>.......
##. #.####.####
# #.# .# #.##.#
.. #<##.# ##
#.##.# # ####
#.##.#


You could see a worm and a rat.

Vanquished Creatures
  An orc priest (D:3)
  2 orc wizards (D:3)
  4 adders
  2 worms (D:2)
  A dart slug (D:3)
  2 orcs (D:3)
  5 ball pythons
  A bat (D:1)
  4 endoplasms
  2 giant cockroaches
  5 goblins
  6 hobgoblins
  3 frilled lizards (D:2)
  6 kobolds
  5 rats
49 creatures vanquished.

Notes
Turn   | Place    | Note
-------+----------+-------------------------------------------
     0 | D:1      | zenocrate the Octopode Shapeshifter began the quest for the
                  | Orb.
     0 | D:1      | Reached XP level 1. HP: 13/13 MP: 1/1
   190 | D:1      | Reached XP level 2. HP: 17/18 MP: 2/2
   474 | D:2      | Found a radiant altar of Vehumet.
   623 | D:2      | Reached XP level 3. HP: 22/23 MP: 3/3
   820 | D:2      | Reached skill level 4 in Unarmed Combat
   831 | D:2      | Reached XP level 4. HP: 16/28 MP: 4/4
   842 | D:2      | Learned a level 2 spell: Blink
  1733 | D:3      | Reached skill level 1 in Translocations
  1740 | D:3      | Reached XP level 5. HP: 14/33 MP: 5/5
  1762 | D:3      | Reached skill level 5 in Unarmed Combat
  1768 | D:3      | Slain by a worm

Illustrated notes

Levels and vault maps discovered:
D:1:      orjb1_lava_funnel, layout_basic
D:2:      layout_basic, basic_altar
D:3:      layout_loops_ring, gammafunk_ghost_cemetery

Skill      XL: |  1  2  3  4  5 |
---------------+----------------+-----
Dodging        | 3 |  3.1
Unarmed Combat | 4 5 |  5.0
Translocations | 1 |  1.6
Fighting       | |  1.0
Evocations     | |  0.1
Shapeshifting  | |  3.0

Action                     |  1- 3 |  4- 6 || total
---------------------------+-------+-------++-------
  Melee: Unarmed           |    63 |    42 ||   105
         Constrict         |    12 |     8 ||    20
         Tentacles         |     9 |     3 ||    12
         Punch             |     3 |     3 ||     6
    Use: Potion            |       |     1 ||     1
   Stab: Sleeping          |     9 |     2 ||    11
 Armour: Skin              |     6 |     9 ||    15
  Dodge: Dodged            |    41 |    11 ||    52

Table legend: (Time is in decaauts)
 A = Elapsed time spent in this place.
 B = Non-inter-level travel time spent in this place.
 C = Inter-level travel time spent in this place.
 D = Time resting spent in this place.
 E = Time spent auto-exploring this place.
 F = Levels seen in this place.
 G = Mean time per level.
                   A        B        C        D        E       F      G
               +--------+--------+--------+--------+--------+-----+--------+
         Total |   1758 |   1714 |     44 |      5 |   1327 |   3 |  586.0 |
       Dungeon |   1758 |   1714 |     44 |      5 |   1327 |   3 |  586.0 |
               +--------+--------+--------+--------+--------+-----+--------+

Top non-repeatable levels by time:
     D:2: 1009 daAuts
     D:1: 456 daAuts
     D:3: 293 daAuts
